 Dungeon Crawl Stone Soup version 0.30.1-9-gdf580d7c3d (webtiles) character file.

Game seed: 1746668013524566557

634 Anriel the Shooter (level 7, 0/44 HPs)
             Began as a Deep Elf Hunter on Oct 20, 2023.
             Was a Follower of Okawaru.
             Killed by divine providence
             ... invoked by an orc priest
              (12 damage)
             ... on level 6 of the Dungeon.
             The game lasted 00:22:14 (3946 turns).

Anriel the Shooter (Deep Elf Hunter)                Turns: 3946, Time: 00:22:15

Health: 0/44       AC:  4    Str: 12    XL:     7   Next: 24%
Magic:  9/9        EV: 14    Int: 14    God:    Okawaru [*.....]
Gold:   201        SH:  0    Dex: 20    Spells: 5/7 levels left

rFire   . . .        a - +1 shortbow
rCold   . . .        (shield currently unavailable)
rNeg    . . .        c - +0 leather armour
rPois   .            (no helmet)
rElec   .            (no cloak)
rCorr   .            (no gloves)
SInv    .            k - +0 pair of boots "Vueqip" {Str+4}
Will    .....        (no amulet)
Stlth   +++          (no ring)
HPRegen 0.27/turn    (no ring)
MPRegen 0.11/turn

%: no passive effects
@: no status effects
A: no striking features
a: Renounce Religion, Heroism


You were on level 6 of the Dungeon.
You worshipped Okawaru.
Okawaru was aware of your devotion.
You visited 2 branches of the dungeon, and saw 7 of its levels.

You collected 419 gold pieces.
You spent 218 gold pieces at shops.

Inventory:

Hand Weapons
 a - a +1 shortbow (weapon)
 e - a +0 antimagic demon whip
Armour
 c - a +0 leather armour (worn)
 k - the +0 pair of boots "Vueqip" (worn) {Str+4}
   (You bought it in a shop on level 1 of the Dungeon)

   Str:       It affects your strength (+4).
Scrolls
 b - 2 scrolls of immolation
 d - 3 scrolls of teleportation
 l - a scroll of magic mapping {unknown}
 n - a scroll of torment {unknown}
Potions
 f - a potion of cancellation {unknown}
 h - a potion of might
 i - 2 potions of attraction {unknown}
 j - a potion of flight {unknown}
 m - a potion of invisibility {unknown}
 o - 2 potions of berserk rage {unknown}
 p - a potion of lignification {unknown}


   Skills:
 * Level 4.9 Fighting
 - Level 5.3 Ranged Weapons
 - Level 5.2 Dodging
 - Level 5.0 Stealth
 + Level 0.5 Spellcasting
 + Level 0.2 Invocations


You had 5 spell levels left.
You knew the following spells:

 Your Spells              Type           Power      Damage    Failure   Level
a - Blink                 Tloc           0%         N/A       47%         2

Your spell library contained the following spells:

 Spells                   Type           Power      Damage    Failure   Level
 Apportation              Tloc           0%         N/A       34%         1
 Necrotise                Necr           0%         1d4       34%         1
 Lesser Beckoning         Tloc           0%         N/A       47%         2
 Momentum Strike          Conj/Tloc      0%         3d8       47%         2
 Summon Small Mammal      Summ           Unusable   N/A       N/A         1
 Call Canine Familiar     Summ           Unusable   N/A       N/A         3
 Summon Guardian Golem    Hex/Summ       Unusable   N/A       N/A         3

Dungeon Overview and Level Annotations

Branches:
Dungeon (6/15)             Temple (1/1) D:4

Altars:
Ashenzari
Cheibriados
Dithmenos
Gozag
Hepliaklqana
Kikubaaqudgha
Nemelex Xobeh
Okawaru
Qazlal
Ru
Sif Muna
Trog
Uskayaw
Wu Jian
Xom
Zin
The Shining One

Shops:
D:1 =[

Annotations:
D:5 Eustachio


Message History

Okawaru accepts your kill.
Fire: a) +1 shortbow
Press: ? - help, Q - select action, (/) - cycle Shift-Dir - straight line, f - orc
Aim: an orc, wielding a +0 short sword (67% to hit)
You shoot an arrow. The arrow hits the orc.
The orc is moderately wounded.
Unknown command.
You shoot an arrow. The arrow barely misses the orc.
The arrow hits the orc!
You kill the orc!
Okawaru accepts your kill. The orc closely misses you.
You shoot an arrow. The arrow barely misses the orc.
The orc closely misses you.
You shoot an arrow. The arrow barely misses the orc.
The orc hits you but does no damage. The orc hits you with a +0 short sword.
You shoot an arrow. The arrow hits the orc.
The orc is severely wounded.
The orc misses you.
The orc priest calls upon Beogh to heal the orc.
The orc's wounds heal themselves!
You shoot an arrow. The arrow hits the orc!
You kill the orc!
Okawaru accepts your kill.
The orc priest mumbles some strange prayers to Beogh against you.
Beogh smites you!
An orc comes into view. It is wielding a +0 hand axe.
The orc priest misses you.
Items here: ( )) [ †.
You shoot an arrow. The arrow hits the orc priest.
The orc priest is moderately wounded.
The orc priest hits you with a +0 whip.
You shoot an arrow.
The arrow closely misses the orc priest.
The orc priest misses you. The orc priest hits you with a +0 whip.
* * * LOW HITPOINT WARNING * * *
You shoot an arrow.
The arrow completely misses the orc priest.
The orc priest calls down the wrath of Beogh upon you.
Beogh smites you!
You die...

###
###########.#
#..o@..[....#
......########.#
####. #.# .o #.#
.) #.# .# #.#
#.# #.# #.#


You could see an orc priest and an orc.

Vanquished Creatures
  An ogre (D:5)
  Blork the orc (D:4)
  3 scorpions
  An orc priest (D:4)
  2 hounds
  Jessica (D:2)
  An orc wizard (D:4)
  3 gnolls (D:3)
  3 adders
  A shadow imp (D:5)
  2 worms (D:2)
  A dart slug (D:3)
  15 orcs
  8 endoplasms
  3 giant cockroaches
  5 goblins
  10 hobgoblins
  5 jackals
  3 kobolds
  5 quokkas
  6 ball pythons
  4 bats
  A frilled lizard (D:3)
  9 rats
94 creatures vanquished.

Notes
Turn   | Place    | Note
-------+----------+-------------------------------------------
     0 | D:1      | Anriel the Deep Elf Hunter began the quest for the Orb.
     0 | D:1      | Reached XP level 1. HP: 12/12 MP: 3/3
   101 | D:1      | Reached XP level 2. HP: 17/17 MP: 4/4
   219 | D:1      | Found Diwneteb's Antique Armour Shoppe.
   350 | D:1      | Reached XP level 3. HP: 21/21 MP: 5/5
   448 | D:1      | Learned a level 2 spell: Blink
   612 | D:1      | Found Igeqikhi's Jewellery Boutique.
   704 | D:2      | Noticed Jessica
   709 | D:2      | Killed Jessica
   761 | D:2      | Reached XP level 4. HP: 26/27 MP: 6/6
  1015 | D:2      | Found a faded altar of an unknown god.
  1606 | D:3      | Reached XP level 5. HP: 32/32 MP: 7/7
  1618 | D:3      | Found a shadowy altar of Dithmenos.
  1911 | D:4      | Found a snail-covered altar of Cheibriados.
  2136 | D:4      | Found a staircase to the Ecumenical Temple.
  2155 | Temple   | Entered the Ecumenical Temple
  2182 | Temple   | Became a worshipper of Warmaster Okawaru
  2385 | D:4      | Reached XP level 6. HP: 11/38 MP: 8/8
  2640 | D:4      | Noticed Blork the orc
  2650 | D:4      | Killed Blork the orc
  2826 | D:1      | Bought a pair of faintly glowing boots for 218 gold pieces
  2826 | D:1      | Identified the +0 pair of boots "Vueqip" {Str+4} (You
                  | bought it in a shop on level 1 of the Dungeon)
  2895 | D:5      | Entered Level 5 of the Dungeon
  2895 | D:5      | Noticed Eustachio
  2956 | D:3      | Found an opulent altar of Gozag.
  2956 | D:3      | Found a hide-covered altar of Uskayaw.
  3120 | D:5      | Found an ancient bone altar of Kikubaaqudgha.
  3164 | D:5      | Reached * piety under Okawaru
  3223 | D:5      | Found a stormy altar of Qazlal.
  3271 | D:5      | Reached XP level 7. HP: 37/44 MP: 9/9
  3380 | D:5      | Reached skill level 5 in Dodging
  3380 | D:5      | Reached skill level 5 in Stealth
  3388 | D:5      | Found a runed translucent door.
  3749 | D:6      | HP: 1/44 [something/magic dart (9)]
  3946 | D:6      | Killed from afar by an orc priest

Illustrated notes

Levels and vault maps discovered:
D:1:      giann_wishing_wells, layout_loops_ring, serial_shops, shop,
          nicolae_shop_hallway_plus, minmay_indecisive_spiral
D:2:      layout_rooms, shapermc_ecumenical_altar_acropolis, uniq_jessica
D:3:      layout_basic, nicolae_overflow_hidden_temple, amcnicky_altar_gilded
D:4:      layout_cave_pools, lemuel_round_altar, minmay_temple_entry_slanted,
          minmay_bisected, uniq_blork_the_orc
D:5:      layout_loops_cross, lemuel_coloured_pillars_altar,
          grunt_qazlal_sundering, serial_shops, shop_statue, minivault_5,
          lightli_church_of_beogh, uniq_eustachio
D:6:      layout_basic, kennysheep_mini, minmay_misc_feat_rows
Temple:   chequers_temple_sunken

Skill      XL: |  1  2  3  4  5  6  7 |
---------------+----------------------+-----
Fighting       | 2 3 4 |  4.9
Stealth        | 2 3 4 5 |  5.0
Dodging        | 3 4 5 |  5.2
Ranged Weapons | |  5.3
Spellcasting   | |  0.5
Invocations    | |  0.2

Action                     |  1- 3 |  4- 6 |  7- 9 || total
---------------------------+-------+-------+-------++-------
   Fire: Shortbow          |    70 |   152 |    57 ||   279
    Use: Scroll            |       |     9 |     1 ||    10
         Potion            |       |     1 |     3 ||     4
 Armour: Leather armour    |     1 |    13 |     7 ||    21
  Dodge: Dodged            |     8 |    42 |    30 ||    80
